[ PARTIDA AOE2 · #465676870 ]
UnrankedBirmanos vs Sicilians
Equipo del jugador · DERR
Equipo rival · VICT
[ ANÁLISIS DE REPETICIÓN · EXTRAÍDO DE LA PARTIDA GRABADA ]
Feudal
8:52
Castillos
20:31
Imperial
—
| APM promedio | 70.5 |
| APM pico | 106 |
| eAPM promedio | 28.5 |
| Aldeanos / militares | 75 / 55 |
Foco
⚔️ 40.0% · 🌾 60.0%
Knight ×31 · Archer ×13 · Monk ×4 · Militia ×4 · Scout Cavalry ×2 · Spearman ×1
Feudal
8:26
Castillos
20:01
Imperial
—
| APM promedio | 77.3 |
| APM pico | 119 |
| eAPM promedio | 41.3 |
| Aldeanos / militares | 136 / 27 |
Foco
⚔️ 42.4% · 🌾 57.6%
Knight ×12 · Monk ×7 · Scout Cavalry ×4 · Serjeant ×2 · Mangonel ×1 · Spearman ×1
Mapa de la partida
Recursos iniciales + cada clic de construcción. Líneas = muros · curvas = relieve. ◆ oro · ⬟ piedra · ● bayas · ✦ reliquia · ◌ hueco del cierre
Tu base· Abierta — hueco de 6t
Base de Oni.Lewis· Abierta — hueco de 3t
Terreno inicial suavizado · ◌ = hueco del cierre detectado · pasá el cursor para detalles
Inputs por minuto
— ThunderboltX - - Oni.Lewis
Build order — ThunderboltX
Primeras 150 de 220 acciones detectadas
| 0:00 | Crear | Villager (Male) |
| 0:01 | Construir | House |
| 0:02 | Construir | House |
| 0:05 | Crear | Villager (Male) |
| 0:05 | Crear | Villager (Male) |
| 0:05 | Crear | Villager (Male) |
| 1:24 | Crear | Villager (Male) |
| 1:46 | Construir | Lumber Camp |
| 2:05 | Crear | Villager (Male) |
| 2:13 | Crear | Villager (Male) |
| 2:44 | Crear | Villager (Male) |
| 3:02 | Crear | Villager (Male) |
| 3:47 | Crear | Villager (Male) |
| 3:47 | Crear | Villager (Male) |
| 3:51 | Construir | House |
| 4:07 | Crear | Villager (Male) |
| 4:57 | Crear | Villager (Male) |
| 5:16 | Crear | Villager (Male) |
| 5:18 | Construir | Barracks |
| 5:21 | Crear | Villager (Male) |
| 5:47 | Construir | House |
| 6:00 | Investigar | Loom |
| 6:25 | Investigar | Feudal Age |
| 6:41 | Construir | House |
| 6:58 | Crear | Militia |
| 6:58 | Crear | Militia |
| 7:42 | Crear | Militia |
| 8:00 | Construir | Mining Camp |
| 8:01 | Crear | Militia |
| 8:23 | Crear | Villager (Male) |
| 8:52 | Edad | Edad Feudal |
| 8:54 | Construir | Mill |
| 9:00 | Investigar | Man-at-Arms (upgrade) |
| 9:02 | Crear | Villager (Male) |
| 9:29 | Crear | Villager (Male) |
| 9:46 | Construir | Archery Range |
| 9:50 | Crear | Spearman |
| 9:53 | Crear | Villager (Male) |
| 10:04 | Construir | Farm |
| 10:37 | Crear | Villager (Male) |
| 10:47 | Crear | Archer |
| 10:48 | Construir | Farm |
| 10:51 | Construir | Farm |
| 10:55 | Crear | Archer |
| 10:58 | Construir | House |
| 11:03 | Crear | Villager (Male) |
| 11:05 | Construir | Farm |
| 11:22 | Construir | Farm |
| 11:30 | Crear | Villager (Male) |
| 11:33 | Construir | Farm |
| 11:47 | Construir | House |
| 11:56 | Crear | Villager (Male) |
| 11:59 | Construir | House |
| 12:00 | Construir | Palisade Wall |
| 12:04 | Crear | Archer |
| 12:20 | Construir | House |
| 12:34 | Crear | Villager (Male) |
| 12:37 | Construir | Farm |
| 12:49 | Crear | Villager (Male) |
| 12:51 | Construir | Farm |
| 12:53 | Crear | Archer |
| 13:25 | Crear | Villager (Male) |
| 13:28 | Construir | Palisade Wall |
| 13:48 | Crear | Villager (Male) |
| 13:56 | Crear | Villager (Male) |
| 14:01 | Crear | Villager (Male) |
| 14:03 | Construir | Farm |
| 14:04 | Construir | Farm |
| 14:13 | Crear | Villager (Male) |
| 14:16 | Crear | Archer |
| 14:16 | Crear | Archer |
| 14:17 | Crear | Archer |
| 14:29 | Construir | Farm |
| 14:38 | Crear | Archer |
| 15:06 | Crear | Archer |
| 15:07 | Crear | Villager (Male) |
| 15:17 | Construir | Blacksmith |
| 15:26 | Crear | Villager (Male) |
| 15:41 | Crear | Archer |
| 15:42 | Crear | Villager (Male) |
| 15:43 | Construir | Palisade Wall |
| 15:50 | Crear | Archer |
| 15:53 | Crear | Villager (Male) |
| 16:11 | Investigar | Fletching |
| 16:42 | Crear | Villager (Male) |
| 16:44 | Construir | Market |
| 17:47 | Construir | Farm |
| 17:47 | Construir | Farm |
| 17:51 | Investigar | Castle Age |
| 17:58 | Construir | Farm |
| 18:00 | Investigar | Horse Collar |
| 18:04 | Crear | Archer |
| 18:16 | Construir | Stable |
| 19:21 | Crear | Archer |
| 19:22 | Crear | Villager (Male) |
| 19:24 | Construir | Stable |
| 19:35 | Construir | Lumber Camp |
| 19:53 | Construir | House |
| 20:06 | Investigar | Scale Barding Armor |
| 20:06 | Investigar | Bloodlines |
| 20:11 | Construir | Farm |
| 20:12 | Construir | Farm |
| 20:31 | Investigar | Gold Mining |
| 20:31 | Edad | Edad de los Castillos |
| 20:32 | Crear | Knight |
| 20:32 | Crear | Knight |
| 20:41 | Crear | Knight |
| 20:59 | Crear | Knight |
| 21:05 | Crear | Villager (Male) |
| 21:06 | Crear | Villager (Male) |
| 21:18 | Crear | Villager (Male) |
| 21:20 | Construir | Farm |
| 21:21 | Construir | Farm |
| 21:22 | Construir | Farm |
| 21:23 | Construir | Farm |
| 21:33 | Crear | Knight |
| 21:52 | Construir | Monastery |
| 22:04 | Crear | Villager (Male) |
| 22:19 | Crear | Villager (Male) |
| 22:28 | Crear | Villager (Male) |
| 22:38 | Crear | Knight |
| 22:38 | Crear | Knight |
| 22:41 | Crear | Villager (Male) |
| 22:49 | Construir | Farm |
| 22:55 | Crear | Knight |
| 23:10 | Crear | Monk |
| 23:18 | Crear | Villager (Male) |
| 23:23 | Construir | Farm |
| 23:23 | Construir | Farm |
| 23:23 | Construir | Farm |
| 23:23 | Construir | Farm |
| 23:24 | Construir | Farm |
| 23:26 | Crear | Villager (Male) |
| 23:35 | Crear | Knight |
| 23:35 | Crear | Knight |
| 23:50 | Crear | Knight |
| 24:01 | Crear | Villager (Male) |
| 24:09 | Crear | Knight |
| 24:20 | Crear | Villager (Male) |
| 24:24 | Construir | House |
| 24:31 | Crear | Villager (Male) |
| 24:41 | Crear | Villager (Male) |
| 24:49 | Crear | Villager (Male) |
| 24:51 | Crear | Villager (Male) |
| 25:04 | Crear | Knight |
| 25:04 | Crear | Knight |
| 25:13 | Investigar | Forging |
| 25:26 | Crear | Villager (Male) |
| 25:27 | Construir | Farm |
| 25:29 | Construir | Farm |
Build order — Oni.Lewis
Primeras 150 de 292 acciones detectadas
| 0:00 | Crear | Villager (Male) |
| 0:00 | Crear | Villager (Male) |
| 0:01 | Construir | House |
| 0:02 | Construir | House |
| 0:05 | Crear | Villager (Male) |
| 0:12 | Crear | Villager (Male) |
| 1:18 | Crear | Villager (Male) |
| 2:00 | Crear | Villager (Male) |
| 2:00 | Crear | Villager (Male) |
| 2:19 | Construir | Lumber Camp |
| 2:38 | Crear | Villager (Male) |
| 3:03 | Crear | Villager (Male) |
| 3:28 | Crear | Villager (Male) |
| 3:39 | Construir | House |
| 3:39 | Construir | House |
| 4:01 | Crear | Villager (Male) |
| 4:13 | Crear | Villager (Male) |
| 4:17 | Crear | Villager (Male) |
| 4:20 | Crear | Villager (Male) |
| 4:57 | Crear | Villager (Male) |
| 5:12 | Crear | Villager (Male) |
| 5:12 | Crear | Villager (Male) |
| 5:14 | Construir | Mill |
| 5:40 | Crear | Villager (Male) |
| 5:40 | Investigar | Loom |
| 6:16 | Investigar | Feudal Age |
| 6:58 | Construir | Palisade Wall |
| 7:08 | Crear | Villager (Male) |
| 7:25 | Construir | Barracks |
| 7:32 | Construir | Donjon |
| 7:35 | Crear | Villager (Male) |
| 8:11 | Crear | Villager (Male) |
| 8:26 | Edad | Edad Feudal |
| 8:27 | Construir | Stable |
| 8:29 | Investigar | Double-Bit Axe |
| 8:46 | Crear | Villager (Male) |
| 8:51 | Investigar | Horse Collar |
| 9:07 | Crear | Villager (Male) |
| 9:08 | Construir | Farm |
| 9:10 | Crear | Scout Cavalry |
| 9:16 | Construir | House |
| 9:18 | Construir | Palisade Wall |
| 9:27 | Crear | Scout Cavalry |
| 9:39 | Crear | Villager (Male) |
| 9:47 | Construir | House |
| 9:50 | Crear | Villager (Male) |
| 9:52 | Construir | Farm |
| 10:02 | Investigar | Loom |
| 10:03 | Crear | Villager (Male) |
| 10:12 | Construir | Farm |
| 10:14 | Investigar | Loom |
| 10:19 | Crear | Villager (Male) |
| 10:23 | Construir | Palisade Wall |
| 10:23 | Crear | Villager (Male) |
| 10:24 | Construir | Palisade Wall |
| 10:29 | Construir | Palisade Wall |
| 10:31 | Construir | Palisade Wall |
| 10:33 | Construir | Palisade Wall |
| 10:36 | Construir | Palisade Wall |
| 10:39 | Crear | Villager (Male) |
| 10:40 | Construir | Palisade Wall |
| 10:55 | Construir | Farm |
| 11:12 | Crear | Spearman |
| 11:17 | Crear | Villager (Male) |
| 11:21 | Crear | Villager (Male) |
| 11:22 | Construir | Farm |
| 11:23 | Construir | House |
| 11:27 | Crear | Scout Cavalry |
| 11:30 | Crear | Serjeant |
| 11:32 | Crear | Villager (Male) |
| 11:34 | Construir | Farm |
| 11:39 | Construir | Farm |
| 11:52 | Construir | House |
| 12:01 | Crear | Serjeant |
| 12:05 | Construir | Farm |
| 12:06 | Construir | Farm |
| 12:09 | Crear | Villager (Male) |
| 12:27 | Construir | Farm |
| 12:33 | Crear | Villager (Male) |
| 12:38 | Crear | Villager (Male) |
| 12:51 | Crear | Villager (Male) |
| 12:53 | Construir | Farm |
| 12:55 | Construir | Farm |
| 13:07 | Crear | Villager (Male) |
| 13:19 | Crear | Villager (Male) |
| 13:22 | Construir | Farm |
| 13:40 | Crear | Villager (Male) |
| 13:48 | Crear | Villager (Male) |
| 13:56 | Construir | Farm |
| 14:06 | Crear | Villager (Male) |
| 14:15 | Construir | Mining Camp |
| 14:16 | Crear | Villager (Male) |
| 14:27 | Crear | Villager (Male) |
| 14:29 | Construir | Blacksmith |
| 14:31 | Construir | House |
| 14:39 | Construir | Palisade Gate |
| 14:45 | Crear | Villager (Male) |
| 14:56 | Investigar | Gold Mining |
| 14:57 | Crear | Villager (Male) |
| 15:05 | Crear | Villager (Male) |
| 15:14 | Crear | Villager (Male) |
| 15:27 | Construir | House |
| 15:27 | Construir | House |
| 15:28 | Crear | Villager (Male) |
| 15:56 | Crear | Villager (Male) |
| 16:16 | Crear | Villager (Male) |
| 16:32 | Crear | Villager (Male) |
| 16:34 | Construir | Market |
| 16:40 | Construir | House |
| 16:42 | Construir | House |
| 16:57 | Construir | House |
| 16:58 | Construir | Palisade Wall |
| 16:58 | Crear | Villager (Male) |
| 17:07 | Construir | Stone Wall |
| 17:21 | Investigar | Castle Age |
| 17:28 | Construir | Lumber Camp |
| 17:39 | Construir | House |
| 17:39 | Construir | Palisade Wall |
| 18:01 | Construir | Farm |
| 18:02 | Construir | Farm |
| 18:32 | Crear | Scout Cavalry |
| 18:35 | Construir | Donjon |
| 18:45 | Investigar | Scale Barding Armor |
| 18:56 | Crear | Villager (Male) |
| 19:24 | Construir | Stable |
| 19:29 | Construir | Farm |
| 19:31 | Construir | Farm |
| 19:39 | Investigar | Bloodlines |
| 19:49 | Crear | Villager (Male) |
| 19:57 | Crear | Villager (Male) |
| 20:01 | Edad | Edad de los Castillos |
| 20:04 | Crear | Knight |
| 20:05 | Crear | Villager (Male) |
| 20:07 | Crear | Knight |
| 20:16 | Construir | Siege Workshop |
| 20:21 | Crear | Villager (Male) |
| 20:24 | Crear | Knight |
| 20:29 | Crear | Villager (Male) |
| 20:48 | Crear | Knight |
| 21:01 | Crear | Villager (Male) |
| 21:07 | Construir | House |
| 21:18 | Crear | Villager (Male) |
| 21:20 | Crear | Mangonel |
| 21:27 | Crear | Villager (Male) |
| 21:31 | Crear | Knight |
| 21:35 | Crear | Knight |
| 21:49 | Crear | Villager (Male) |
| 21:50 | Construir | Monastery |
| 21:52 | Crear | Villager (Male) |
| 22:01 | Construir | House |
Cronología de la partida
| 5:18 | ThunderboltX · first_building Barracks |
| 6:58 | Oni.Lewis · wall_segment Palisade Wall x1 |
| 7:25 | Oni.Lewis · first_building Barracks |
| 7:32 | Oni.Lewis · first_building Donjon |
| 8:26 | Oni.Lewis · age_up feudal |
| 8:27 | Oni.Lewis · first_building Stable |
| 8:52 | ThunderboltX · age_up feudal |
| 9:18 | Oni.Lewis · wall_segment Palisade Wall x1 |
| 9:46 | ThunderboltX · first_building Archery Range |
| 10:23 | Oni.Lewis · wall_segment Palisade Wall x1 |
| 10:24 | Oni.Lewis · wall_segment Palisade Wall x1 |
| 10:29 | Oni.Lewis · wall_segment Palisade Wall x1 |
| 10:31 | Oni.Lewis · wall_segment Palisade Wall x1 |
| 10:33 | Oni.Lewis · wall_segment Palisade Wall x1 |
| 10:36 | Oni.Lewis · wall_segment Palisade Wall x1 |
| 10:40 | Oni.Lewis · wall_segment Palisade Wall x1 |
| 12:00 | ThunderboltX · wall_segment Palisade Wall x2 |
| 13:28 | ThunderboltX · wall_segment Palisade Wall x1 |
| 15:43 | ThunderboltX · wall_segment Palisade Wall x1 |
| 16:58 | Oni.Lewis · wall_segment Palisade Wall x1 |
| 17:07 | Oni.Lewis · wall_segment Stone Wall x1 |
| 17:39 | Oni.Lewis · wall_segment Palisade Wall x7 |
| 17:49 | ThunderboltX · first_market_sell 100 stone |
| 17:50 | ThunderboltX · first_market_buy 100 food |
| 18:13 | Oni.Lewis · first_market_sell 100 food |
| 18:14 | Oni.Lewis · first_market_buy 100 stone |
| 18:16 | ThunderboltX · first_building Stable |
| 20:01 | Oni.Lewis · age_up castle |
| 20:16 | Oni.Lewis · first_building Siege Workshop |
| 20:31 | ThunderboltX · age_up castle |
| 21:50 | Oni.Lewis · first_building Monastery |
| 21:52 | ThunderboltX · first_building Monastery |
| 22:03 | Oni.Lewis · wall_segment Palisade Wall x1 |
| 22:04 | Oni.Lewis · wall_segment Palisade Wall x1 |
| 22:15 | Oni.Lewis · wall_segment Palisade Wall x1 |
| 22:16 | Oni.Lewis · wall_segment Palisade Wall x1 |
| 22:20 | Oni.Lewis · wall_segment Palisade Wall x1 |
| 22:23 | Oni.Lewis · wall_segment Palisade Wall x1 |
| 22:26 | Oni.Lewis · wall_segment Palisade Wall x1 |
| 25:28 | Oni.Lewis · wall_segment Palisade Wall x1 |
| 30:34 | Oni.Lewis · wall_segment Palisade Wall x1 |
| 30:41 | Oni.Lewis · wall_segment Palisade Wall x1 |
| 31:40 | Oni.Lewis · wall_segment Stone Wall x1 |
| 31:50 | Oni.Lewis · wall_segment Stone Wall x1 |
| 31:51 | Oni.Lewis · wall_segment Stone Wall x1 |
| 32:20 | ThunderboltX · resign |
[ ANÁLISIS IA · 1 CRÉDITO ]
¿Qué pasó realmente en esta partida?
Wolo.gg analiza cada decisión: build order, eco, micro, errores típicos por bracket. Análisis personalizado por WhatsApp o Discord en 30 segundos.
Guía civ
Birmanos
Perfil
Jugador #3169100